 Dungeon Crawl Stone Soup version 0.24-a0-201-gf205589 (webtiles) character file.

Game seed: 16476408084559219703

78606 Hasart the Arsonist (level 15, -9/82 HPs)
             Began as a Deep Elf Fire Elementalist on Mar 24, 2019.
             Was a High Priest of Sif Muna.
             Mangled by a red devil
             ... wielding a +0 trident
             ... summoned by an orc sorcerer
             ... led by Saint Roka
              (10 damage)
             ... while paralysed by an orc sorcerer
             ... on level 2 of the Orcish Mines.
             The game lasted 01:44:17 (36213 turns).

Hasart the Arsonist (Deep Elf Fire Elementalist)   Turns: 36213, Time: 01:44:17

Health: -9/82      AC: 10    Str:  5    XL:     15   Next: 18%
Magic:  14/33      EV:  2    Int: 32    God:    Sif Muna [*****.]
Gold:   2084       SH:  0    Dex: 18    Spells: 15/39 levels left

rFire    + + +     SeeInvis +   l - +10 rapier of Riuth {pain, *Noise rElec rF+++ Dex+3}
rCold    . . .     Gourm    .   O - +2 buckler
rNeg     . . .     Faith    .   K - +0 troll leather armour
rPois    +         Spirit   .   E - +2 helmet {SInv}
rElec    +         Reflect  .   W - scarf {rC+ rF+}
rCorr    .         Harm     .   o - +1 pair of gloves
MR       ++...                  (no boots)
Stlth    ++........             z - amulet of the acrobat
HPRegen  0.63/turn              n - ring "Toviz" {Fire rPois Int+5}
MPRegen  0.23/turn              y - ring of protection from magic

@: paralysed
A: no striking features
a: Divine Energy, Channel Magic, Forget Spell, Renounce Religion


You were on level 2 of the Orcish Mines.
You worshipped Sif Muna.
Sif Muna was extremely pleased with you.
You were hungry.

You visited 4 branches of the dungeon, and saw 24 of its levels.
You also visited: Ice Cave.

You collected 2084 gold pieces.

Inventory:

Hand Weapons
 l - the +10 rapier of Riuth (weapon) {pain, *Noise rElec rF+++ Dex+3}
   (You found it on level 6 of the Dungeon)

   In the hands of one skilled in necromantic magic, it inflicts extra damage on
   living creatures.
   It affects your dexterity (+3).
   It renders you almost immune to fire.
   It insulates you from electricity.
   It may make noises in combat.
Armour
 o - a +1 pair of gloves (worn)
 E - a +2 helmet of see invisible (worn)
 K - a +0 troll leather armour (worn)
 O - a +2 buckler (worn)
 W - a scarf of resistance (worn)
Jewellery
 f - an uncursed ring of positive energy
 n - the ring "Toviz" (left hand) {Fire rPois Int+5}
   (You found it on level 14 of the Dungeon)

   [ring of fire]

   It enhances your fire magic.
   It affects your intelligence (+5).
   It protects you from fire.
   It makes you vulnerable to cold.
   It protects you from poison.
 p - an uncursed ring of see invisible
 y - a ring of protection from magic (right hand)
 z - an amulet of the acrobat (around neck)
Wands
 a - a wand of flame (22)
 d - a wand of iceblast (19)
 i - a wand of disintegration (19)
 u - a wand of random effects (39)
 x - a wand of paralysis (7)
 A - a wand of enslavement (7)
 H - a wand of acid (23)
 J - a wand of digging (9)
 U - a wand of polymorph (10)
Scrolls
 h - 11 scrolls of identify
 t - 6 scrolls of enchant weapon
 w - 5 scrolls of magic mapping
 D - 2 scrolls of blinking
 G - 3 scrolls of fear
 L - 4 scrolls of fog
 M - a scroll of enchant armour
 N - 7 scrolls of remove curse
 P - 3 scrolls of teleportation
 R - 4 scrolls of amnesia
Potions
 b - 4 potions of flight
 e - 9 potions of curing
 g - 5 potions of heal wounds {unknown}
 j - 2 potions of ambrosia {unknown}
 k - 3 potions of might {unknown}
 m - 4 potions of brilliance {unknown}
 q - 3 potions of haste {unknown}
 r - 3 potions of agility {unknown}
 s - a potion of magic {unknown}
 v - a potion of invisibility {unknown}
 C - 5 potions of lignification {unknown}
 F - 5 potions of mutation {unknown}
 I - 2 potions of cancellation {unknown}
 Q - 2 potions of resistance {unknown}
 S - 3 potions of degeneration {unknown}
Comestibles
 c - 28 rations


   Skills:
 - Level 5.0 Fighting
 + Level 2.3 Short Blades
 + Level 4.8 Armour
 - Level 6.0 Dodging
 - Level 2.4 Stealth
 - Level 5.0 Shields
 + Level 12.8 Spellcasting
 * Level 14.5 Conjurations
 - Level 6.0 Charms
 * Level 14.7 Fire Magic
 + Level 3.9 Ice Magic
 - Level 3.0 Air Magic
 - Level 3.0 Poison Magic
 + Level 7.8 Invocations
 + Level 7.8 Evocations


You had 15 spell levels left.
You knew the following spells:

 Your Spells              Type           Power        Failure   Level  Hunger
a - Flame Tongue          Conj/Fire      #####        0%          1    None
b - Sticky Flame          Conj/Fire      ########     1%          4    None
c - Fireball              Conj/Fire      ########..   1%          5    None
d - Mephitic Cloud        Conj/Pois/Air  ######..     1%          3    None
e - Iskenderun's Battles  Conj/Chrm      ######..     1%          5    None
s - Throw Icicle          Conj/Ice       ######..     1%          4    None
u - Swiftness             Chrm/Air       #####...     1%          2    None

Your spell library contained the following spells:

 Spells                   Type           Power        Failure   Level  Hunger
 Magic Dart               Conj           ####         0%          1    None
 Searing Ray              Conj           ######       0%          2    None
 Throw Flame              Conj/Fire      ######       0%          2    None
 Freeze                   Ice            ####         1%          1    None
 Shock                    Conj/Air       ####         1%          1    None
 Sting                    Conj/Pois      ####         1%          1    None
 Poisonous Vapours        Pois/Air       #####.       1%          2    None
 Throw Frost              Conj/Ice       ######       1%          2    None
 Conjure Flame            Conj/Fire      ########     1%          3    None
 Dazzling Spray           Conj/Hex       ######       1%          3    None
 Inner Flame              Hex/Fire       #######.     1%          3    None
 Ozocubu's Armour         Chrm/Ice       ######..     1%          3    None
 Static Discharge         Conj/Air       ######..     1%          3    None
 Force Lance              Conj/Tloc      ######..     1%          4    None
 Fulminant Prism          Conj/Hex       ######....   1%          4    None
 Iskenderun's Mystic Bla  Conj           #######.     1%          4    None
 Bolt of Magma            Conj/Fire/Erth #######...   1%          5    None
 Ensorcelled Hibernation  Hex/Ice        ####..       2%          2    None
 Lightning Bolt           Conj/Air       ######....   2%          5    None
 Venom Bolt               Conj/Pois      ######....   2%          5    None
 Animate Skeleton         Necr           N/A          3%          1    None
 Apportation              Tloc           ###...       3%          1    None
 Confusing Touch          Hex            ###...       3%          1    None
 Summon Small Mammal      Summ           ###.         3%          1    None
 Sublimation of Blood     Necr           ###.......   5%          2    None
 Orb of Destruction       Conj           #######...   8%          7    #####..
 Confuse                  Hex            ###.....     11%         3    None
 Gell's Gravitas          Tloc           ###.......   11%         3    None
 Airstrike                Air            #####.....   11%         4    None
 Olgreb's Toxic Radiance  Pois           #####...     11%         4    None
 Summon Ice Beast         Ice/Summ       ####....     16%         4    None
 Freezing Cloud           Conj/Ice/Air   ######....   28%         6    ####...
 Iron Shot                Conj/Erth      ######....   28%         6    ####...
 Petrify                  Tmut/Erth      ###.....     34%         4    None
 Ring of Flames           Chrm/Fire      #######...   38%         7    #####..
 Metabolic Englaciation   Hex/Ice        ####......   41%         5    None
 Yara's Violent Unravell  Hex/Tmut       ###.......   69%         5    None
 Spellforged Servitor     Conj/Summ      ######....   83%         7    #####..
 Discord                  Hex            ###.......   100%        8    #######
 Infestation              Necr           ###.......   100%        8    #######


Dungeon Overview and Level Annotations

Branches:
Dungeon (15/15)            Temple (1/1) D:4            Lair (6/6) D:11
  Swamp (0/4) Lair:2        Snake (0/4) Lair:2        Slime (0/5) Lair:5
    Orc (2/2) D:9             Elf (0/3) Orc:2        Vaults (0/5) D:13
 Depths (0/5) D:15

Altars:
Ashenzari
Cheibriados
Dithmenos
Elyvilon
Fedhas
Gozag
Hepliaklqana
Kikubaaqudgha
Makhleb
Nemelex Xobeh
Okawaru
Qazlal
Ru
Sif Muna
Trog
Uskayaw
Vehumet
Wu Jian
Xom
Yredelemnul
Zin
The Shining One
Beogh

Shops:
D:4 %   D:7 [   D:14 *

Annotations:
D:3 2 transporters, Borgoz's ghost, amateur HaFi
D:8 Gastronok
D:13 1 runed translucent door


Message History

The sixfirhy hits you. The sixfirhy shocks you. You resist.
The red devil hits you but does no damage.
The sixfirhy hits you. The sixfirhy shocks you. You resist.
The sixfirhy hits you! The sixfirhy shocks you. You resist.
* * * LOW HITPOINT WARNING * * *
The sixfirhy hits you.
* * * LOW HITPOINT WARNING * * *
The sixfirhy shocks you. You resist.
* * * LOW HITPOINT WARNING * * *
The red devil hits you but does no damage.
The orc sorcerer gestures at you while chanting.
The bolt of fire hits you. You resist.
* * * LOW HITPOINT WARNING * * *
The red devil hits you from afar with a +0 trident.
* * * LOW HITPOINT WARNING * * *
The orc sorcerer casts a spell at you. The bolt of fire hits you. You resist.
* * * LOW HITPOINT WARNING * * *
The red devil hits you from afar with a +0 trident!
You die...

(.........#.##........## ..
..........####........######...
...........# ##...#...#..8..)..
.......#...## ####..[##........
............## ##..)...).....
.............# #...[.)[)..)..
....##.......#####4o.#...8.....
...#.#.......#.##...########...
......#....(.[[.@3.## ..
####.##.....(##...##
.#######....[.#####
...##.#......##
....##...[.)..##
....#..(.......#
........##....##
..........#...#
........#.##..##


You could see a sixfirhy, an orc sorcerer and a red devil.

Vanquished Creatures
  Saint Roka (Orc:2)
  A yaktaur captain (D:15)
  Harold (Lair:1)
  An ice dragon (Lair:4)
  8 hydras
  3 catoblepae
  The ghost of Stiffzip the Swashbuckler, a journeyman SpAr of Okawaru (D:14)
  5 centaur warriors
  4 two-headed ogres
  An ogre mage (D:13)
  A death yak (Lair:5)
  A tengu warrior (D:14)
  An orc high priest (Orc:1)
  Urug (D:11)
  4 skeletal warriors
  An unseen horror (D:13)
  2 orc knights (Orc:2)
  An orc sorcerer (Orc:2)
  3 cyclopes
  5 deep elf magi
  11 ugly things
  A manticore (D:12)
  7 elephants
  5 black mambas
  3 centaur zombies
  A gargoyle (D:15)
  11 spiny frogs
  4 centaur skeletons
  5 yaktaurs (D:15)
  An efreet (D:15)
  8 komodo dragons
  2 rime drakes
  3 meliai (D:12)
  2 hornets
  6 trolls
  7 slime creatures
  24 blink frogs
  7 dream sheep
  8 hippogriffs
  23 yaks
  2 wyverns
  A shadow (D:11)
  3 wraiths
  A vampire (D:15)
  3 basilisks
  2 hungry ghosts
  3 vampire mosquitoes (D:12)
  Menkaure (D:7)
  4 wargs
  A naga (Lair:2)
  An acid dragon (D:13)
  Duvessa (D:7)
  8 water moccasins
  10 porcupines
  2 black bears
  24 orc warriors
  A swamp drake (D:11)
  4 sky beasts
  An eye of draining (D:13)
  7 ice beasts
  9 ogres
  5 boggarts (D:15)
  2 phantoms
  6 wolves
  A necrophage (D:5)
  13 centaurs
  14 crocodiles
  12 bullfrogs
  A wyvern zombie (D:7)
  2 wyvern skeletons
  Dowan (D:7)
  4 scorpions
  12 killer bees
  A howler monkey (D:9)
  2 electric eels (D:9)
  9 crimson imps
  2 bullfrog zombies
  2 bullfrog skeletons
  Crazy Yiuf (D:3)
  12 hounds
  3 jellies
  14 orc wizards
  14 orc priests
  4 iguanas
  Ijyb (D:4)
  Terence (D:2)
  14 worker ants
  A hound skeleton (D:7)
  A worker ant zombie (D:7)
  3 howler monkey skeletons
  18 adders
  6 river rats (D:6)
  2 shadow imps (D:5)
  2 oozes
  An adder skeleton (D:6)
  5 worms
  3 dart slugs
  7 leopard geckos
  76 orcs
  3 ball pythons
  8 bats
  14 giant cockroaches
  8 goblins
  10 hobgoblins
  9 jackals
  12 kobolds
  5 quokkas
  10 frilled lizards
  12 rats
  A fungus (Lair:5)
  3 plants (D:14)
647 creatures vanquished.

Vanquished Creatures (others)
  6 fungi
  40 plants
46 creatures vanquished.

Grand Total: 693 creatures vanquished

Notes
Turn   | Place    | Note
-------+----------+-------------------------------------------
     0 | D:1      | Hasart the Deep Elf Fire Elementalist began the quest for
                  | the Orb.
     0 | D:1      | Reached XP level 1. HP: 10/10 MP: 6/6
    79 | D:1      | Reached XP level 2. HP: 14/15 MP: 1/8
  1076 | D:2      | Reached XP level 3. HP: 19/19 MP: 4/9
  1285 | D:2      | Reached XP level 4. HP: 23/24 MP: 7/11
  1401 | D:2      | Learned a level 4 spell: Sticky Flame
  1549 | D:2      | Noticed Terence
  1696 | D:2      | Killed Terence
  1763 | D:2      | Found an iron altar of Okawaru.
  1802 | D:2      | Reached XP level 5. HP: 28/28 MP: 9/12
  2152 | D:3      | Found a transporter.
  2167 | D:3      | Found a hide-covered altar of Uskayaw.
  2391 | D:3      | Found a transporter.
  2833 | D:3      | Found a runed translucent door.
  2834 | D:3      | Noticed Crazy Yiuf
  3247 | D:3      | Noticed Borgoz's ghost (amateur HaFi)
  3366 | D:3      | Killed Crazy Yiuf
  3366 | D:3      | Reached skill level 5 in Fire Magic
  3433 | D:4      | Found Hontal's Food Shop.
  3440 | D:4      | Noticed an ogre
  3441 | D:4      | Found a staircase to the Ecumenical Temple.
  3449 | D:4      | Killed an ogre
  3449 | D:4      | Reached XP level 6. HP: 32/32 MP: 5/14
  3463 | Temple   | Entered the Ecumenical Temple
  3785 | D:4      | Noticed Ijyb
  3795 | D:4      | Killed Ijyb
  3798 | D:4      | Reached XP level 7. HP: 36/36 MP: 5/16
  4319 | D:5      | Entered Level 5 of the Dungeon
  4380 | D:5      | Reached skill level 5 in Spellcasting
  4390 | D:5      | Reached skill level 5 in Conjurations
  4440 | D:5      | Found a shattered altar of Ashenzari.
  4933 | D:5      | Reached skill level 5 in Dodging
  5107 | D:5      | Reached XP level 8. HP: 40/40 MP: 13/18
  5193 | D:5      | Found a blossoming altar of Fedhas.
  6227 | D:6      | Found a radiant altar of Vehumet.
  6228 | D:6      | Found a burning altar of Makhleb.
  6555 | D:6      | Got an ancient rapier
  6556 | D:6      | Identified the +10 rapier of Riuth {pain, *Noise rElec
                  | rF+++ Dex+3} (You found it on level 6 of the Dungeon)
  6763 | D:6      | Learned a level 5 spell: Fireball
  6961 | D:7      | Reached XP level 9. HP: 44/44 MP: 15/21
  6995 | D:7      | Noticed Menkaure
  7001 | D:7      | Noticed Dowan
  7002 | D:7      | Noticed Duvessa
  7026 | D:7      | Found Iferoul's Armour Boutique.
  7320 | D:7      | Killed Duvessa
  7323 | D:7      | Killed Dowan
  7434 | D:7      | Killed Menkaure
  8080 | D:8      | Reached skill level 1 in Shields
  8256 | D:8      | Noticed Gastronok
  8513 | D:8      | Found a sacrificial altar of Ru.
  8513 | D:8      | Found an ornate altar of the Wu Jian Council.
  9361 | D:9      | Noticed a troll
  9363 | D:9      | Killed a troll
  9400 | D:9      | Reached skill level 1 in Evocations
  9698 | D:9      | Reached XP level 10. HP: 50/50 MP: 11/24
 10046 | D:9      | Found a deep blue altar of Sif Muna.
 10047 | D:9      | Found an ancient bone altar of Kikubaaqudgha.
 10049 | D:9      | Became a worshipper of Sif Muna the Loreminder
 10256 | D:9      | Reached skill level 10 in Fire Magic
 10623 | D:9      | Reached skill level 1 in Invocations
 10934 | D:9      | Found a staircase to the Orcish Mines.
 11182 | D:10     | Entered Level 10 of the Dungeon
 11840 | D:10     | Reached * piety under Sif Muna
 11840 | D:10     | Reached skill level 10 in Conjurations
 12584 | D:10     | Learned a level 3 spell: Mephitic Cloud
 13150 | D:11     | Reached skill level 1 in Poison Magic
 13154 | D:11     | Reached skill level 1 in Air Magic
 13613 | D:11     | Noticed a red ugly thing
 14073 | D:11     | Found a staircase to the Lair.
 14228 | D:12     | Reached XP level 11. HP: 41/54 MP: 15/26
 14232 | D:12     | Reached ** piety under Sif Muna
 14586 | Lair:1   | Entered Level 1 of the Lair of Beasts
 14985 | Orc:1    | Entered Level 1 of the Orcish Mines
 14986 | Orc:1    | Noticed an orc high priest
 15306 | Orc:1    | Killed an orc high priest
 15984 | D:12     | Noticed a purple ugly thing
 15987 | D:12     | Killed a purple ugly thing
 16728 | D:13     | Noticed a centaur warrior
 16915 | D:13     | Noticed a two-headed ogre
 16921 | D:13     | Killed a two-headed ogre
 16923 | D:13     | Noticed a centaur warrior
 16926 | D:13     | Reached *** piety under Sif Muna
 17115 | Lair:1   | Noticed Harold
 17573 | Orc:1    | Found a roughly hewn altar of Beogh.
 17807 | Orc:2    | Entered Level 2 of the Orcish Mines
 18044 | Orc:2    | Reached skill level 5 in Evocations
 18108 | Orc:1    | Reached skill level 10 in Spellcasting
 18588 | Orc:2    | Noticed an orc knight
 18630 | Orc:2    | Killed an orc knight
 18630 | Orc:2    | Reached XP level 12. HP: 45/59 MP: 4/28
 18880 | Orc:2    | Noticed Saint Roka
 19216 | Orc:2    | Found a staircase to the Elven Halls.
 20004 | Lair:1   | Noticed Urug
 20063 | Lair:2   | Reached skill level 1 in Fighting
 20072 | Lair:2   | Reached skill level 5 in Invocations
 20072 | Lair:2   | Reached **** piety under Sif Muna
 20158 | Lair:1   | Noticed a seven-headed hydra
 20171 | Lair:1   | Killed a seven-headed hydra
 20323 | Lair:1   | Killed Harold
 20809 | D:11     | Killed Urug
 21874 | Lair:2   | Found a staircase to the Snake Pit.
 21886 | Lair:2   | Reached skill level 1 in Armour
 22321 | Lair:2   | Found a staircase to the Swamp.
 22367 | Lair:2   | Noticed a six-headed hydra
 22371 | Lair:2   | Killed a six-headed hydra
 22769 | Lair:2   | Reached skill level 5 in Shields
 23394 | Lair:3   | Reached ***** piety under Sif Muna
 23394 | Lair:3   | Identified Sif Muna's Handbook of Ensnaring Stolen Souls
                  | (Sif Muna gifted it to you on level 3 of the Lair of
                  | Beasts)
 23394 | Lair:3   | Received a gift from Sif Muna
 23399 | Lair:3   | Reached XP level 13. HP: 68/68 MP: 7/30
 26253 | Lair:5   | Found a frozen archway.
 26271 | IceCv    | Entered an ice cave
 26404 | IceCv    | Found a transporter.
 26422 | IceCv    | Identified the +2 ring mail of the Endless Beds {-Tele
                  | rPois rCorr Int+9} (You found it in an ice cave)
 26437 | IceCv    | Found the +3 sling "Punk" {acid, rCorr}
 27206 | Lair:5   | Found a staircase to the Slime Pits.
 27874 | Lair:5   | Received a gift from Sif Muna
 27881 | Lair:5   | Learned a level 4 spell: Throw Icicle
 28645 | Lair:6   | Entered Level 6 of the Lair of Beasts
 28657 | Lair:6   | Reached skill level 1 in Ice Magic
 28978 | Lair:6   | Reached XP level 14. HP: 76/76 MP: 19/32
 30264 | D:12     | Learned a level 5 spell: Iskenderun's Battlesphere
 30597 | D:12     | Reached skill level 1 in Charms
 30953 | D:13     | Identified the cursed +0 scale mail of Lies {Str+3} (You
                  | found it on level 13 of the Dungeon)
 31053 | D:13     | Found a runed translucent door.
 31053 | D:13     | Noticed a frost giant
 31053 | D:13     | Noticed a frost giant
 31146 | D:13     | Found a bloodstained altar of Trog.
 31533 | D:13     | Found a hazy altar of Hepliaklqana.
 31720 | D:13     | Found a gate to the Vaults.
 33027 | D:14     | Received a gift from Sif Muna
 33038 | D:14     | Found Ceyfeqavu's Assorted Antiques.
 33404 | D:14     | Found a runed translucent gate.
 33405 | D:14     | Found a runed translucent gate.
 33406 | D:14     | Found a runed translucent gate.
 33406 | D:14     | Noticed Stiffzip's ghost (journeyman SpAr)
 33726 | D:14     | Learned a level 2 spell: Swiftness
 33927 | D:14     | Killed Stiffzip's ghost
 33927 | D:14     | Reached skill level 1 in Short Blades
 34110 | D:14     | Got a faintly glowing steel ring
 34111 | D:14     | Identified the ring "Toviz" {Fire rPois Int+5} (You found
                  | it on level 14 of the Dungeon)
 34130 | D:15     | Entered Level 15 of the Dungeon
 34218 | D:15     | Reached skill level 5 in Charms
 34411 | D:15     | Reached skill level 5 in Fighting
 34884 | D:15     | Found a staircase to the Depths.
 35064 | D:15     | Reached XP level 15. HP: 82/82 MP: 22/33
 36121 | Orc:2    | Killed Saint Roka
 36208 | Orc:2    | Paralysed by an orc sorcerer for 6 turns
 36213 | Orc:2    | HP: 1/82 [orc sorcerer/bolt of fire[Saint Roka] (5)]
 36213 | Orc:2    | Mangled by a red devil

Levels and vault maps discovered:
D:1:      dpeg_arrival_arbitrary_a, layout_loops_cross, st_stairs_13
D:2:      minmay_roachtagon, layout_rooms, kennysheep_okawaru_gauntlet,
          minmay_misc_feat_room, uniq_terence
D:3:      minmay_angry_zag, layout_loops_corners,
          eat_drink_and_be_merry_uskayaw, gammafunk_ghost_gnarly_gnolls,
          minmay_stone_trees_small, uniq_crazy_yiuf_cottage
D:4:      layout_rooms, minmay_temple_entry_tees, serial_shops,
          nicolae_shop_temple_entry_statues_fountains, lemuel_flame_loot_1,
          uniq_ijyb
D:5:      minmay_evil_eye, layout_loops_ring, overflow_temple_1_default,
          fedhas_altar_4, first_ration
D:6:      minmay_chambers_of_fours, layout_loops_ring,
          grunt_temple_overflow_lords_of_destruction, serial_glass,
          glass_columns_c, glass_columns_c, lightli_sewer_entry_pipes
D:7:      layout_cave_pools, serial_shops, shop, uniq_menkaure, uniq_duvessa
D:8:      layout_basic, amethyst_overflow_temple_binary, grunt_pizzeria,
          uniq_gastronok
D:9:      layout_gridville, grunt_temple_overflow_open, erik_orc_2,
          serial_co_window_serial, co_window_paths_a, co_window_cross_1,
          co_window_corner_a, co_window_paths_a, co_window_paths_a,
          co_window_corner_a, co_window_corner_a, co_window_paths_c,
          co_window_paths_c, co_window_corner_cb, co_window_of_opportunity_b,
          co_window_of_opportunity_b, co_window_paths_e, glass_columns_c
D:10:     layout_layer_cave
D:11:     layout_loops_ring, erik_lair_dragon
D:12:     layout_loops_cross, dk_noncrumbling_3
D:13:     layout_loops_cross, david_vaults_2, enter_bailey_6,
          hangedman_feature_mirror, kennysheep_treasure_room
D:14:     layout_basic, serial_shops, shop, serial_bayou_ford_a,
          gammafunk_ghost_hydra_chop, minmay_microvault
D:15:     grunt_enter_depths_snipers, layout_basic, minivault_25
Temple:   nicolae_temple_hex_pool
Lair:1:   layout_regular_city, uniq_harold, uniq_urug
Lair:2:   layout_loops_ring, swamp_mist_pool, guppyfry_snake_entry_island
Lair:3:   layout_loops_ring
Lair:4:   dragon1_lemuel, layout_regular_city, grunt_megastairs_5
Lair:5:   layout_cave_pods, minmay_slime_entry_pillars,
          portal_ice_cave_entry_pillars_1, minmay_shattered_shrine,
          grunt_megastairs_1, lemuel_fruit_tree
Lair:6:   evil_forest, layout_gridlike, uniq_kirke
Orc:1:    layout_caves, basic_altar
Orc:2:    grunt_orc_cross, layout_diamond_mine
IceCv:    ice_cave_statue_garden_transporter

Skill      XL: |  1  2  3  4  5  6  7  8  9 10 11 12 13 14 15 |
---------------+----------------------------------------------+-----
Conjurations   | 2 3 4 5 7 9 10 11 12 13 14 | 14.5
Fire Magic     | 4 5 6 8 9 10 11 12 13 14 | 14.7
Dodging        | 3 4 5 6 |  6.0
Spellcasting   | 4 5 6 8 9 10 11 12 | 12.8
Shields        | 1 3 4 5 |  5.0
Evocations     | 1 3 5 6 7 |  7.8
Invocations    | 2 4 6 7 |  7.8
Poison Magic   | 1 3 |  3.0
Air Magic      | 1 3 |  3.0
Fighting       | 2 4 5 |  5.0
Armour         | 1 3 4 |  4.8
Ice Magic      | 1 3 |  3.9
Charms         | 5 6 |  6.0
Short Blades   | 1 2 |  2.3
Stealth        | |  2.4

Action                   |  1- 3 |  4- 6 |  7- 9 | 10-12 | 13-15 || total
-------------------------+-------+-------+-------+-------+-------++-------
Melee: Dagger            |     8 |       |       |       |       ||     8
       Trident           |       |     1 |       |       |       ||     1
       Quarterstaff      |       |       |    36 |       |       ||    36
       Rapier            |       |       |    29 |    73 |    69 ||   171
 Cast: Flame Tongue      |    59 |   144 |   185 |   205 |   134 ||   727
       Sticky Flame      |       |     7 |    22 |    81 |    80 ||   190
       Fireball          |       |       |    19 |   134 |   219 ||   372
       Mephitic Cloud    |       |       |       |     7 |       ||     7
       Throw Icicle      |       |       |       |       |    22 ||    22
Invok: Channel Magic     |       |       |       |     1 |       ||     1
       Divine Energy     |       |       |       |       |     1 ||     1
       Stop Divine Energ |       |       |       |       |     1 ||     1
Evoke: Wand              |       |       |     3 |    12 |       ||    15
  Use: Scroll            |       |       |    13 |     6 |    10 ||    29
       Potion            |       |       |     1 |     2 |       ||     3
 Stab: Sleeping          |       |       |     1 |       |       ||     1
  Eat: Chunk             |     1 |     6 |    14 |    33 |    34 ||    88
       Ration            |       |     1 |     3 |     9 |     6 ||    19
Armor: Robe              |    10 |     7 |    43 |    36 |    25 ||   121
       Troll leather arm |       |       |       |       |    32 ||    32
Dodge: Dodged            |    26 |    43 |   157 |   152 |   157 ||   535
Block: Buckler           |       |       |     2 |    58 |    74 ||   134

Table legend:
 A = Non-vault XP
 B = Vault XP
 C = Vault XP percentage of total XP
 D = Non-vault monster count
 E = Vault monster count
 F = Vault count percentage of total count
                 A         B        C        D         E       F
            +---------+---------+-------+---------+---------+-------
      Total |   78755 |   33540 |  29.9 |     500 |     143 |  22.2
            +---------+---------+-------+---------+---------+-------
        D:1 |      41 |       3 |   6.8 |      25 |       2 |   7.4
        D:2 |     116 |      60 |  34.1 |      23 |      13 |  36.1
        D:3 |      80 |      65 |  44.8 |      28 |       6 |  17.6
        D:4 |     431 |      36 |   7.7 |      18 |       1 |   5.3
        D:5 |     538 |     214 |  28.5 |      23 |       4 |  14.8
        D:6 |     796 |     445 |  35.9 |      20 |      15 |  42.9
        D:7 |     774 |     385 |  33.2 |      19 |       3 |  13.6
        D:8 |     460 |     133 |  22.4 |      12 |       1 |   7.7
        D:9 |    1757 |     830 |  32.1 |      28 |      21 |  42.9
       D:10 |    1462 |       0 |   0.0 |      23 |       0 |   0.0
       D:11 |    2912 |    1824 |  38.5 |      24 |       6 |  20.0
       D:12 |    5966 |       0 |   0.0 |      26 |       0 |   0.0
       D:13 |    9574 |    2801 |  22.6 |      30 |       5 |  14.3
       D:14 |    9296 |    3696 |  28.4 |      24 |       4 |  14.3
       D:15 |    9704 |    2343 |  19.4 |      26 |       3 |  10.3
     Lair:1 |    4380 |    1018 |  18.9 |      15 |       1 |   6.2
     Lair:2 |    5602 |     157 |   2.7 |      21 |       1 |   4.5
     Lair:3 |    8954 |       0 |   0.0 |      36 |       0 |   0.0
     Lair:4 |    3337 |    2501 |  42.8 |      11 |       8 |  42.1
     Lair:5 |    4290 |    7174 |  62.6 |      12 |      17 |  58.6
     Lair:6 |    3561 |     653 |  15.5 |      17 |       3 |  15.0
      Orc:1 |    2735 |       0 |   0.0 |      20 |       0 |   0.0
      Orc:2 |    1989 |    7865 |  79.8 |      19 |      22 |  53.7
      IceCv |       0 |    1337 | 100.0 |       0 |       7 | 100.0
            +---------+---------+-------+---------+---------+-------
